 Dungeon Crawl Stone Soup version 0.26-a0-940-gf7e0b5f775 (webtiles) character file.

Game seed: 12565884666999506733

506 mhtbhm the Shield-Bearer (level 7, -14/64 HPs)
             Began as a Gargoyle Fighter on Nov 27, 2020.
             Killed from afar by a gargoyle (19 damage)
             ... with a stone arrow
             ... on level 12 of the Dungeon.
             The game lasted 00:04:28 (4002 turns).

mhtbhm the Shield-Bearer (Gargoyle Fighter)         Turns: 4002, Time: 00:04:29

Health: -14/64     AC: 15    Str: 27    XL:     7   Next: 18%
Magic:  7/7        EV:  7    Int:  9    God:
Gold:   99         SH: 11    Dex:  9    Spells: 6/6 levels left

rFire    . . .     SeeInvis .   a - +3 whip "Hykillast" {vamp, Str+3}
rCold    . . .     Faith    +   c - +1 kite shield
rNeg     + . .     Spirit   .   b - +0 chain mail "Adyovuc" {Str+3} (curse)
rPois    ∞         Reflect  .   (no helmet)
rElec    +         Harm     .   e - +0 cloak
rCorr    .         Rampage  .   (no gloves)
MR       .....                  (no boots)
Stlth    ..........             q - amulet of faith
HPRegen  0.20/turn              (no ring)
MPRegen  0.10/turn              (no ring)

@: berserking (expiring), very quick
A: negative energy resistance 1, electricity resistance, unbreathing,
petrification resistance, rot immunity, AC +4
a: no special abilities


You were on level 12 of the Dungeon.
You visited 1 branch of the dungeon, and saw 8 of its levels.

You collected 336 gold pieces.
You spent 237 gold pieces at shops.

Inventory:

Hand Weapons
 a - the +3 whip "Hykillast" (weapon) {vamp, Str+3}
   (You found it on level 5 of the Dungeon)

   It inflicts no extra harm, but heals its wielder when it wounds a living foe.
   It affects your strength (+3).
Armour
 b - the cursed +0 chain mail "Adyovuc" (worn) {Str+3}
   (You bought it in a shop on level 5 of the Dungeon)

   It affects your strength (+3).
   It has a curse placed upon it.
 c - a +1 kite shield (worn)
 e - a +0 cloak (worn)
Jewellery
 q - an amulet of faith (around neck)
Scrolls
 f - a scroll of enchant armour
 g - a scroll of immolation
 i - 2 scrolls of teleportation
 j - 4 scrolls of remove curse
 k - 2 scrolls of fear
 n - a scroll of blinking
Potions
 d - a potion of might
 m - 2 potions of brilliance
 p - a potion of curing


   Skills:
 + Level 4.1 Fighting
 + Level 4.6 Maces & Flails
 + Level 4.6 Armour
 + Level 1.5 Dodging
 - Level 0.1 Stealth
 + Level 5.3 Shields


You had 6 spell levels left.
You didn't know any spells.
Your spell library contained the following spells:

 Spells                   Type           Power        Failure   Level
 Beastly Appendage        Tmut           #.....       100%        1
 Wereblood                Tmut           #.......     100%        2
 Spider Form              Tmut/Pois      #.........   100%        3
 Ice Form                 Ice/Tmut       #.......     100%        4
 Blade Hands              Tmut           #.........   100%        5


Dungeon Overview and Level Annotations

Branches:
Dungeon (6/15)
 Temple: D:4-7

Altars:
Kikubaaqudgha
Zin

Shops:
D:5 [


Innate Abilities, Weirdness & Mutations

You are resistant to torment.
Your stone body is resilient. (AC +4)
You are immune to poison.
You resist negative energy. (rN+)
You are resistant to electric shocks. (rElec)
You can survive without breathing.
You are immune to petrification.
You are immune to rotting.


Message History

* * * LOW HITPOINT WARNING * * *
You hit the gargoyle.
The gargoyle is heavily damaged.
You hit the gargoyle.
The gargoyle is heavily damaged.
The gargoyle hurls a stone arrow at you.
You block the stone arrow.
You hit the gargoyle but do no damage.
The gargoyle is heavily damaged.
You hit the gargoyle.
The gargoyle is severely damaged.
The gargoyle hits you with a +3 mace of holy wrath!
* * * LOW HITPOINT WARNING * * *
You whack the gargoyle!
The gargoyle is almost destroyed.
You barely miss the gargoyle.
The gargoyle is almost destroyed.
The gargoyle hurls a stone arrow at you.
The stone arrow hits you!!
You die...

#.. .......
#..###......#
#...........
#..........
#........#
#.......(#
#....9...#
#....@...#
#........#
#........#
#........#
#........#
#........#
#........#
#........#
...............


You could see a gargoyle.

Vanquished Creatures
  2 ogres
  A centaur (D:5)
  Blork the orc (D:5)
  A hound (D:4)
  A bullfrog skeleton (D:5)
  3 adders
  An ooze (D:1)
  2 worms (D:2)
  A dart slug (D:1)
  4 leopard geckos
  13 orcs
  A ball python (D:2)
  3 bats
  3 giant cockroaches
  8 goblins
  5 hobgoblins
  2 jackals (D:5)
  A quokka (D:4)
  6 frilled lizards
  A jackal skeleton (D:6)
  4 kobolds
  A quokka skeleton (D:5)
  8 rats
73 creatures vanquished.

Vanquished Creatures (others)
  An orc priest (D:3)
  An orc (D:3)
2 creatures vanquished.

Grand Total: 75 creatures vanquished

Notes
Turn   | Place    | Note
-------+----------+-------------------------------------------
     0 | D:1      | mhtbhm the Gargoyle Fighter began the quest for the Orb.
     0 | D:1      | Reached XP level 1. HP: 14/14 MP: 1/1
   264 | D:1      | Reached XP level 2. HP: 19/19 MP: 2/2
   598 | D:1      | Reached XP level 3. HP: 23/23 MP: 3/3
   904 | D:2      | Reached skill level 4 in Shields
  1030 | D:2      | Noticed an ogre
  1044 | D:2      | Killed an ogre
  1045 | D:2      | Reached XP level 4. HP: 2/29 MP: 4/4
  1045 | D:2      | Reached XP level 5. HP: 3/33 MP: 5/5
  2209 | D:3      | Noticed an orc warrior
  2572 | D:4      | Reached skill level 1 in Dodging
  2574 | D:4      | Reached XP level 6. HP: 32/38 MP: 6/6
  3143 | D:5      | Entered Level 5 of the Dungeon
  3151 | D:5      | Got a smoking whip
  3152 | D:5      | Identified the +3 whip "Hykillast" {vamp, Str+3} (You found
                  | it on level 5 of the Dungeon)
  3199 | D:5      | Reached skill level 5 in Shields
  3236 | D:5      | Found Veaf's Antique Armour Shoppe.
  3274 | D:5      | Bought a twisted chain mail for 237 gold pieces
  3279 | D:5      | Identified the cursed +0 chain mail "Adyovuc" {Str+3} (You
                  | bought it in a shop on level 5 of the Dungeon)
  3332 | D:5      | Found an ancient bone altar of Kikubaaqudgha.
  3638 | D:5      | Reached XP level 7. HP: 37/43 MP: 7/7
  3785 | D:5      | Found a glowing silver altar of Zin.
  3785 | D:5      | Noticed Blork the orc
  3793 | D:5      | Killed Blork the orc
  3967 | D:6      | You fall into a shaft and drop 3 floors!
  3988 | D:9      | You fall into a shaft and drop 3 floors!
  3990 | D:12     | Noticed a gargoyle
  4002 | D:12     | Killed from afar by a gargoyle

Illustrated notes

Levels and vault maps discovered:
D:1:      minmay_arrival_open_corners, layout_loops_ring
D:2:      layout_basic
D:3:      layout_rooms, minmay_randomly_rotated_circles
D:4:      layout_rooms
D:5:      layout_loops_ring, overflow_temple_1_default, zin_treasury,
          serial_shops, nicolae_shop_waterfront, minmay_misc_feat_doors,
          uniq_blork_the_orc
D:6:      layout_loops_corners, minmay_temple_entry_proselytizer,
          kennysheep_pointless_box, uniq_duvessa, uniq_menkaure
D:9:      layout_irregular_city, grunt_temple_overflow_opulence, st_stairs_9,
          lemuel_altar_in_water2
D:12:     layout_long_grid, serial_shops, shop_fountains, gammafunk_ghost_grave,
          nicolae_ru_path_of_blood, uniq_nergalle

Skill      XL: |  1  2  3  4  5  6 |
---------------+-------------------+-----
Shields        | 4 5 |  5.3
Maces & Flails | 3 4 |  4.6
Armour         | 4 |  4.6
Dodging        | 1 |  1.5
Fighting       | 4 |  4.1
Stealth        | |  0.1

Action                   |  1- 3 |  4- 6 |  7- 9 || total
-------------------------+-------+-------+-------++-------
Melee: Flail             |   136 |   118 |       ||   254
       Whip              |       |    40 |    18 ||    58
  Use: Potion            |     2 |     1 |     1 ||     4
       Scroll            |       |     1 |     9 ||    10
 Stab: Invisible         |       |     1 |       ||     1
Armor: Scale mail        |    67 |    63 |       ||   130
       Chain mail        |       |    12 |     1 ||    13
Dodge: Dodged            |    31 |    51 |     1 ||    83
Block: Kite shield       |    74 |    84 |     6 ||   164

Table legend: (Time is in decaauts)
 A = Elapsed time spent in this place.
 B = Non-inter-level travel time spent in this place.
 C = Inter-level travel time spent in this place.
 D = Time resting spent in this place.
 E = Time spent auto-exploring this place.
 F = Levels seen in this place.
 G = Mean time per level.
                   A        B        C        D        E       F      G
               +--------+--------+--------+--------+--------+-----+--------+
         Total |   4082 |   4054 |     28 |    350 |   2842 |   8 |  510.2 |
       Dungeon |   4082 |   4054 |     28 |    350 |   2842 |   8 |  510.2 |
               +--------+--------+--------+--------+--------+-----+--------+

Top non-repeatable levels by time:
     D:2: 1028 daAuts
     D:1: 931 daAuts
     D:4: 867 daAuts
     D:5: 813 daAuts
     D:3: 402 daAuts
     D:9: 20 daAuts
    D:12: 11 daAuts
     D:6: 7 daAuts
